 Dungeon Crawl Stone Soup version 0.26.1-16-g4e020e15dc (webtiles) character file.

Game seed: 5814288288648930493

25882 Froggeryz the Grappler (level 12, -1/162 HPs)
             Began as a White Draconian Monk on Feb 16, 2024.
             Was the Champion of Zin.
             Slain by a hellwing (3 damage)
             ... in a Gauntlet.
             The game lasted 00:26:37 (20775 turns).

Froggeryz the Grappler (White Draconian Monk)      Turns: 20775, Time: 00:26:37

Health: -1/162     AC: 12    Str: 16    XL:     12   Next: 93%
Magic:  19/19      EV: 18    Int: 10    God:    Zin [******]
Gold:   692        SH:  6    Dex: 21    Spells: 11/11 levels left

rFire    + . .     SeeInvis +     - Unarmed
rCold    + . .     Faith    .   z - +0 buckler
rNeg     . . .     Spirit   .   (armour unavailable)
rPois    .         Reflect  .   (helmet restricted)
rElec    .         Harm     .   F - +0 cloak of Dim Light {SInv}
rCorr    .         Rampage  .   (no gloves)
Will     .....     NoTele   +   q - +2 pair of boots
Stlth    ..........             y - amulet of magic regeneration
HPRegen  0.37/turn              n - +6 ring of dexterity
MPRegen  0.41/turn              w - ring of protection from fire

@: berserking (expiring), lethally poisoned (-1 -> -16), studying Spellcasting,
very quick
A: breathe frost, unfitting armour, cold resistance 1, dopey 1, cold-blooded, AC
+8
a: Breathe Frost, Renounce Religion, Recite, Vitalisation, Imprison, Sanctuary,
Donate Gold


You were in a Gauntlet.
You worshipped Zin.
Zin was exalted by your worship.
You visited 2 branches of the dungeon, and saw 14 of its levels.
You also visited: Sewer and Gauntlet.

You collected 768 gold pieces.
You donated 76 gold pieces to Zin.

Inventory:

Hand Weapons
 M - the +3 hand crossbow of Qualut {elec, +Blink +Inv Will+, unknown}
   (You found it in a Gauntlet)

   It charges the ammunition it shoots with electricity; occasionally upon a
   hit, such missiles may discharge and cause terrible harm.
   It affects your willpower, your defense against some magical effects.
   It lets you turn invisible.
   It lets you blink.
Missiles
 i - 15 boomerangs
 l - a throwing net
 D - 50 poisoned darts (quivered)
 J - 8 javelins
Armour
 q - a +2 pair of boots (worn)
 z - a +0 buckler (worn)
 F - the +0 cloak of Dim Light (worn) {SInv}
   (You found it on level 10 of the Dungeon)

   It lets you see invisible.
 N - the +0 pair of boots "Put-Me-On" {+Fly rF+ Dex+3, unknown}
   (You found it in a Gauntlet)

   It affects your dexterity (+3).
   It protects you from fire.
   It lets you fly.
Jewellery
 n - a +6 ring of dexterity (left hand)
 u - an uncursed ring of wizardry
 w - a ring of protection from fire (right hand)
 y - an amulet of magic regeneration (around neck)
 A - an uncursed ring of resist corrosion
 P - a cursed +4 ring of evasion {unknown}
Wands
 o - a wand of acid (11)
 C - a wand of digging (4)
Scrolls
 b - 6 scrolls of magic mapping
 c - a scroll of immolation
 g - 3 scrolls of fear
 h - 3 scrolls of teleportation
 j - 7 scrolls of remove curse
 k - 3 scrolls of fog
 m - 2 scrolls of silence
 p - a scroll of blinking
 r - 2 scrolls of amnesia
 s - 5 scrolls of enchant armour
 H - a scroll of holy word
 I - 2 scrolls of enchant weapon
 K - a scroll of summoning
Potions
 a - a potion of berserk rage
 d - 4 potions of magic
 e - 4 potions of curing
 f - a potion of flight
 v - a potion of ambrosia
 x - a potion of resistance
 B - a potion of invisibility
 E - a potion of might
 G - 2 potions of attraction
 L - 2 potions of experience {unknown}
 O - a potion of heal wounds
Books
 t - a manual of Spellcasting


   Skills:
 + Level 10.8 Fighting
 + Level 3.9 Throwing
 - Level 7.1 Dodging
 - Level 1.7 Stealth
 - Level 4.1 Shields
 + Level 13.9 Unarmed Combat
 - Level 10.1 Invocations
 - Level 5.2 Evocations


You had 11 spell levels left.
You didn't know any spells.
Your spell library contained the following spells:

 Spells                   Type           Power        Failure   Level
 Foxfire                  Conj/Fire      0%           36%         1
 Magic Dart               Conj           0%           36%         1
 Sandblast                Erth           0%           36%         1
 Passwall                 Tmut/Erth      0%           50%         2
 Searing Ray              Conj           0%           50%         2
 Conjure Flame            Conj/Fire      0%           75%         3
 Dazzling Flash           Conj/Hex       0%           75%         3
 Inner Flame              Hex/Fire       0%           75%         3
 Stone Arrow              Conj/Erth      0%           75%         3
 Fulminant Prism          Conj/Hex       0%           98%         4
 Ice Form                 Ice/Tmut       0%           98%         4
 Iskenderun's Mystic Bla  Conj/Tloc      0%           98%         4
 Petrify                  Tmut/Erth      0%           98%         4
 Sticky Flame             Conj/Fire      0%           98%         4
 Fireball                 Conj/Fire      0%           100%        5
 Lee's Rapid Deconstruct  Erth           0%           100%        5
 Metabolic Englaciation   Hex/Ice        0%           100%        5
 Freezing Cloud           Conj/Ice/Air   0%           100%        6
 Ozocubu's Refrigeration  Ice            0%           100%        6
 Simulacrum               Ice/Necr       0%           100%        6


Dungeon Overview and Level Annotations

Branches:
Dungeon (12/15)            Temple (0/1) D:6            Lair (2/6) D:11
    Orc (0/2) D:11          Sewer (visited)         Gauntlet (1/1)
  Swamp: Lair:2-4    Shoals: Lair:2-4     Snake: Lair:2-4    Spider: Lair:2-4

Altars:
Ashenzari
Dithmenos
Fedhas
Hepliaklqana
Makhleb
Nemelex Xobeh
Sif Muna
Trog
Uskayaw
Xom
Zin

Shops:
D:11 (

Annotations:
D:10 1 runed translucent door, Sapher's ghost, novice DEEE Gauntlet 5 transporters


Innate Abilities, Weirdness & Mutations

You can breathe waves of freezing cold.
You can buffet flying creatures when you breathe cold.
Your icy white scales are hard. (AC +8)
You cannot fit into any form of body armour.
Your flesh is cold resistant. (rC+)
You are cold-blooded and may be slowed by cold attacks.
You are dopey. (Int -2)


Message History

* * * LOW HITPOINT WARNING * * *
You feel sick.
You barely miss the hellwing.
The hellwing is moderately wounded.
* * * LOW HITPOINT WARNING * * *
You feel sick. The hellwing hits you!
* * * LOW HITPOINT WARNING * * *
The hellwing hits you.
* * * LOW HITPOINT WARNING * * *
The hellwing misses you. The hellwing closely misses you.
You punch the hellwing!
The hellwing is heavily wounded.
* * * LOW HITPOINT WARNING * * *
You feel sick.
You are too berserk!
You punch the hellwing!
The hellwing is almost dead.
The hellwing misses you. The hellwing closely misses you.
The hellwing misses you. The hellwing hits you.
You die...

##≈.#8..©#....≈##
#≈≈.#########.≈≈#
##≈.##..#4#.#.≈##
##.#.##.#.##.##
##≈.##..##.##.≈##
#≈≈.##.#©.#.#.≈≈#
##≈.#.#..##.#.≈##
##.#.###..##.##
##≈.##4@44.##.≈##
#≈≈.#########.≈≈#
##≈...........≈##
##...........##
#≈...........≈#
#≈≈≈#≈≈≈#≈≈≈#≈≈≈#
##≈###≈###≈###≈##
## ### ### ##


You could see 3 hellwings.

Vanquished Creatures
  A reaper (Gauntlet)
  A death yak (Gauntlet)
  3 hydras
  2 two-headed ogres (D:10)
  Sonja (Lair:1)
  4 skeletal warriors
  An unseen horror (D:10)
  A wizard (Gauntlet)
  A necromancer (Gauntlet)
  An ugly thing (D:11)
  A manticore (D:10)
  A cyclops (D:11)
  A centaur zombie (D:10)
  A torpor snail (Lair:2)
  A black mamba (shapeshifter) (Gauntlet)
  3 cane toads
  A rime drake (Lair:1)
  4 komodo dragons
  A kobold demonologist (D:9)
  2 trolls
  A troll (shapeshifter) (Gauntlet)
  2 centaur simulacra (Gauntlet)
  5 wyverns
  A human (shapeshifter) (Gauntlet)
  27 yaks
  A basilisk (D:11)
  Menkaure (D:7)
  4 wargs (D:11)
  4 water moccasins
  Edmund (D:5)
  The ghost of DankSpanker the Skirmisher, an amateur OgBe of Trog (D:5)
  An orc warrior (D:10)
  Purgy (Sewer)
  A phantom (D:6)
  A sky beast (D:5)
  A swamp drake (D:11)
  A black bear (D:11)
  3 ice beasts
  A necrophage (D:9)
  7 ogres
  A centaur (shapeshifter) (Gauntlet)
  3 centaurs
  3 big kobolds
  9 bullfrogs
  A cane toad simulacrum (Gauntlet)
  A wyvern skeleton (D:6)
  A hornet simulacrum (Gauntlet)
  4 scorpions
  2 howler monkeys (D:11)
  12 wights
  3 bullfrog zombies
  4 quasits
  A wyvern simulacrum (Gauntlet)
  4 orc priests
  3 bullfrog skeletons
  2 centaur skeletons (D:11)
  2 hounds
  4 jellies
  Jessica (D:3)
  3 orc wizards
  An iguana (D:10)
  6 hell rats (Lair:1)
  10 worker ants
  A hound zombie (D:6)
  A hound skeleton (D:6)
  A mummy (D:7)
  A worker ant zombie (D:10)
  15 adders
  3 gnolls (D:2)
  A howler monkey skeleton (D:10)
  12 river rats
  2 shadow imps
  3 white imps
  An ufetubus (D:7)
  An ooze (D:6)
  2 adder zombies (D:8)
  3 adder skeletons
  3 worms
  2 dart slugs (D:2)
  7 leopard geckos
  27 orcs
  3 ball pythons
  9 giant cockroaches
  4 goblins
  4 hobgoblins
  14 jackals
  21 kobolds
  12 quokkas
  7 bats
  3 frilled lizards
  2 hobgoblin zombies (D:7)
  A kobold zombie (D:7)
  An orc zombie (D:7)
  3 quokka skeletons
  A quokka zombie (D:6)
  18 rats
367 creatures vanquished.

Vanquished Creatures (others)
  A wyvern (D:11)
  4 fungi
  7 plants
12 creatures vanquished.

Grand Total: 379 creatures vanquished

Notes
Turn   | Place    | Note
-------+----------+-------------------------------------------
     0 | D:1      | Froggeryz the Draconian Monk began the quest for the Orb.
     0 | D:1      | Reached XP level 1. HP: 19/19 MP: 1/1
   342 | D:1      | Reached XP level 2. HP: 22/26 MP: 2/2
   923 | D:1      | Reached skill level 4 in Unarmed Combat
  1342 | D:2      | Reached XP level 3. HP: 25/31 MP: 3/3
  1463 | D:2      | Reached XP level 4. HP: 32/38 MP: 4/4
  1472 | D:2      | Reached skill level 5 in Unarmed Combat
  2012 | D:2      | Reached XP level 5. HP: 45/45 MP: 5/5
  2368 | D:2      | Reached skill level 6 in Unarmed Combat
  2651 | D:2      | Found a faded altar of an unknown god.
  2784 | D:3      | Noticed Jessica
  2804 | D:3      | Killed Jessica
  3032 | D:3      | Found a hide-covered altar of Uskayaw.
  4040 | D:4      | Noticed an ogre
  4052 | D:4      | Killed an ogre
  4053 | D:4      | Reached skill level 7 in Unarmed Combat
  4053 | D:4      | Reached XP level 6. HP: 45/51 MP: 6/6
  4365 | D:5      | Entered Level 5 of the Dungeon
  4679 | D:5      | Found a glowing silver altar of Zin.
  4682 | D:5      | Became a worshipper of Zin the Law-Giver
  4682 | D:5      | Reached * piety under Zin
  4682 | D:5      | Reached ** piety under Zin
  4682 | D:5      | Reached *** piety under Zin
  4719 | D:5      | Noticed Edmund
  4755 | D:5      | Gained mutation: You are dopey. (Int -2) [potion of
                  | mutation]
  4778 | D:5      | Killed Edmund
  4779 | D:5      | Reached skill level 8 in Unarmed Combat
  4779 | D:5      | Your scales start taking on an icy white colour.
  4779 | D:5      | Reached XP level 7. HP: 24/57 MP: 6/8
  4779 | D:5      | Gained mutation: Your flesh is cold resistant. (rC+) [White
                  | Draconian growth]
  4799 | D:5      | Found a runed translucent door.
  4815 | D:5      | Noticed DankSpanker's ghost (amateur OgBe)
  4829 | D:5      | Killed DankSpanker's ghost
  4836 | D:5      | Found a runed translucent door.
  4934 | D:5      | Found a glowing drain.
  4961 | Sewer    | Entered a sewer
  5029 | Sewer    | Noticed Purgy
  5037 | Sewer    | Killed Purgy
  5356 | D:5      | Reached XP level 8. HP: 63/63 MP: 11/11
  5372 | D:5      | Reached skill level 9 in Unarmed Combat
  5417 | D:5      | Found a broken altar of Ashenzari.
  5417 | D:5      | Found a shimmering altar of Xom.
  5506 | D:5      | Reached **** piety under Zin
  5769 | D:6      | Reached skill level 5 in Invocations
  6961 | D:6      | Reached skill level 10 in Unarmed Combat
  7142 | D:6      | Reached XP level 9. HP: 63/70 MP: 12/14
  7300 | D:6      | Found a staircase to the Ecumenical Temple.
  7537 | D:7      | Noticed Menkaure
  7544 | D:7      | Killed Menkaure
  7573 | D:7      | Reached skill level 1 in Shields
  7942 | D:7      | Found a hazy altar of Hepliaklqana.
  8036 | D:7      | Found a shadowy altar of Dithmenos.
  8038 | D:7      | Found a shimmering blue altar of Sif Muna.
  8041 | D:7      | Found a burning altar of Makhleb.
  8042 | D:7      | Found a sparkling altar of Nemelex Xobeh.
  8162 | D:7      | Reached ***** piety under Zin
  8238 | D:7      | Found a blossoming altar of Fedhas.
  8390 | D:7      | Identified a scroll of acquirement
  8390 | D:7      | Acquired a manual of Spellcasting
  8668 | D:8      | Zin protects you from harm!
  9439 | D:8      | Reached skill level 11 in Unarmed Combat
 10162 | D:8      | Found a blossoming altar of Fedhas.
 10530 | D:9      | Noticed a troll
 10537 | D:9      | Killed a troll
 10538 | D:9      | Reached XP level 10. HP: 78/78 MP: 15/15
 10693 | D:9      | Reached skill level 5 in Dodging
 10964 | D:9      | Reached skill level 5 in Fighting
 11736 | D:9      | Found a bloodstained altar of Trog.
 11892 | D:10     | Entered Level 10 of the Dungeon
 11941 | D:10     | Noticed a two-headed ogre
 11963 | D:10     | Killed a two-headed ogre
 12425 | D:10     | Noticed a two-headed ogre
 12459 | D:10     | Killed a two-headed ogre
 12460 | D:10     | Reached XP level 11. HP: 42/91 MP: 16/18
 12714 | D:10     | Reached skill level 12 in Unarmed Combat
 12762 | D:10     | Noticed a skeletal warrior
 12762 | D:10     | Noticed a skeletal warrior
 12766 | D:10     | Noticed a skeletal warrior
 12766 | D:10     | Noticed a skeletal warrior
 12843 | D:10     | Found a runed translucent door.
 12932 | D:9      | Killed a skeletal warrior
 13248 | D:9      | Killed a skeletal warrior
 13497 | D:10     | Killed an unseen horror
 13727 | D:10     | HP: 4/92 [yak (15)]
 14808 | D:10     | Killed a skeletal warrior
 14809 | D:10     | Reached skill level 10 in Invocations
 15145 | D:10     | Killed a skeletal warrior
 15146 | D:10     | Reached skill level 1 in Evocations
 15153 | D:10     | Got a buzzing cloak
 15164 | D:10     | Identified the +0 cloak of Dim Light {SInv} (You found it
                  | on level 10 of the Dungeon)
 15799 | D:10     | Noticed Sapher's ghost (novice DEEE)
 15800 | D:10     | Identified the +2 trident "Puvem" {protect, rElec}
 15937 | D:11     | Found Gemma's Weapon Shop.
 16276 | D:11     | Noticed a four-headed hydra
 16279 | D:11     | Killed a four-headed hydra
 16449 | D:11     | Noticed a purple ugly thing
 16459 | D:11     | Killed a purple ugly thing
 16506 | D:11     | Reached XP level 12. HP: 90/103 MP: 19/19
 16696 | D:11     | Found a staircase to the Lair.
 16806 | D:11     | Noticed an eight-headed hydra
 16815 | D:11     | Killed an eight-headed hydra
 16816 | D:11     | Reached skill level 13 in Unarmed Combat
 17013 | D:11     | Found a staircase to the Orcish Mines.
 18048 | Lair:1   | Entered Level 1 of the Lair of Beasts
 18178 | Lair:1   | Noticed Sonja
 18188 | Lair:1   | Reached ****** piety under Zin
 18206 | Lair:1   | Killed Sonja
 18233 | Lair:1   | HP: 2/96 [hell rat (9)]
 18547 | Lair:1   | Reached skill level 5 in Evocations
 19312 | Lair:2   | Noticed an eight-headed hydra
 19321 | Lair:2   | Killed an eight-headed hydra
 19322 | Lair:2   | Reached skill level 1 in Throwing
 19557 | Lair:2   | Reached skill level 10 in Fighting
 19668 | Lair:2   | Found a gate leading to a gauntlet.
 19676 | Gauntlet | Entered a Gauntlet
 19676 | Gauntlet | Found a transporter.
 19848 | Gauntlet | Found a transporter.
 19848 | Gauntlet | Found a transporter.
 19849 | Gauntlet | Found a transporter.
 19857 | Gauntlet | Found a transporter.
 19860 | Gauntlet | Found a transporter.
 19861 | Gauntlet | Found a transporter.
 19863 | Gauntlet | Noticed a death yak
 19863 | Gauntlet | Noticed a death yak
 19863 | Gauntlet | Noticed a death yak
 19871 | Gauntlet | Found a transporter.
 19873 | Gauntlet | Found a transporter.
 19874 | Gauntlet | Found a transporter.
 19881 | Gauntlet | Found a runed translucent door.
 19883 | Gauntlet | Found a transporter.
 19886 | Gauntlet | Found a transporter.
 19887 | Gauntlet | Found a transporter.
 19895 | Gauntlet | Found a transporter.
 19896 | Gauntlet | Noticed a reaper
 20138 | Gauntlet | Got an ivory hand crossbow
 20159 | Gauntlet | Got a pair of distressingly furry boots
 20168 | Gauntlet | Killed a death yak
 20269 | Gauntlet | Noticed a two-headed ogre
 20269 | Gauntlet | a deep troll changed into a two-headed ogre
 20273 | Gauntlet | a two-headed ogre changed into a mana viper
 20336 | Gauntlet | Noticed a boulder beetle
 20336 | Gauntlet | a wolf spider changed into a boulder beetle
 20340 | Gauntlet | Noticed a bunyip
 20340 | Gauntlet | a boulder beetle changed into a bunyip
 20350 | Gauntlet | a bunyip changed into a wolf spider
 20351 | Gauntlet | Noticed a bunyip
 20351 | Gauntlet | a wolf spider changed into a bunyip
 20354 | Gauntlet | Noticed a fire dragon
 20354 | Gauntlet | a bunyip changed into a fire dragon
 20363 | Gauntlet | Noticed a spark wasp
 20363 | Gauntlet | a fire dragon changed into a spark wasp
 20365 | Gauntlet | Noticed an anaconda
 20365 | Gauntlet | a spark wasp changed into an anaconda
 20368 | Gauntlet | an anaconda changed into an eye of devastation
 20765 | Gauntlet | Killed a reaper
 20773 | Gauntlet | HP: 6/162 [hellwing (10)]
 20774 | Gauntlet | HP: 2/162 [poisoned by a reaper]
 20775 | Gauntlet | Slain by a hellwing

Illustrated notes

Levels and vault maps discovered:
D:1:      dpeg_arrival_solitude, layout_loops_corners
D:2:      cheibrodos_pilgrimage, layout_loops_ring,
          chequers_ecumenical_altar_lobes
D:3:      layout_loops_ring, lemuel_crystal_altar, minmay_bisected, uniq_jessica
D:4:      layout_loops_cross
D:5:      layout_basic, zin_statuary, gammafunk_temple_overflow_wave,
          ebering_ghost_sewer_f, gup_sewer_entry_bubbles, minivault_11,
          uniq_edmund
D:6:      layout_cave_pods, minmay_temple_entry_hall, minmay_misc_feat_rugged
D:7:      layout_rooms, nzn_hepliaklqana_mist_gate,
          chequers_temple_overflow_statue_of_worship, basic_altar,
          minmay_mini_ossuary, uniq_menkaure
D:8:      layout_basic, fedhas_altar_4
D:9:      layout_irregular_city, lemuel_coloured_pillars_altar
D:10:     layout_irregular_city, ebering_ghost_funeral_grove
D:11:     layout_cave_pods, erik_lair_dragon, minmay_orc_entry_guard_dogs,
          serial_rivers, chequers_serial_rivers_small_a,
          chequers_serial_rivers_micro_e, chequers_serial_rivers_micro_c,
          chequers_serial_rivers_small_3, chequers_serial_rivers_micro_a,
          serial_shops, nicolae_shop_stone
D:12:     layout_rooms, biasface_ghost_orc_armoury,
          hangedman_decor_diamond_cutter, uniq_erolcha
Lair:1:   lemuel_ratsnest, layout_loops_ring, nicolae_quartered_pool_super,
          lemuel_fruit_tree, serial_bayou_shore_a, lemuel_fruit_fields,
          infiniplex_staircase_pool, uniq_sonja
Lair:2:   layout_gridlike, gauntlet_entry_generic, grunt_megastairs_4
Gauntlet: gammafunk_gauntlet_77_escape_option
          [minmay_gauntlet_arena_77_chump_sandwich,
          minmay_gauntlet_arena_77_braids, minmay_gauntlet_arena_77_box,
          minmay_gauntlet_arena_77_path, minmay_gauntlet_arena_77_mess,
          gauntlet_exit_hidden_loot]

Skill      XL: |  1  2  3  4  5  6  7  8  9 10 11 12 |
---------------+-------------------------------------+-----
Unarmed Combat | 4 5 7 8 10 11 12 13 | 13.9
Invocations    | 2 4 6 7 9 10 | 10.1
Dodging        | 3 4 6 7 |  7.1
Shields        | 4 |  4.1
Fighting       | 4 6 8 10 | 10.8
Evocations     | 3 5 |  5.2
Throwing       | 3 |  3.9
Stealth        | |  1.7

Action                   |  1- 3 |  4- 6 |  7- 9 | 10-12 || total
-------------------------+-------+-------+-------+-------++-------
Melee: Unarmed           |    83 |   233 |   406 |   825 ||  1547
       Tailslap          |     6 |    38 |    82 |   172 ||   298
       Punch             |     4 |     5 |    21 |       ||    30
Throw: Dart              |       |       |       |    24 ||    24
Invok: Recite            |       |     2 |     4 |    15 ||    21
 Abil: Breathe Frost     |       |       |     4 |    18 ||    22
Evoke: Wand              |       |       |     1 |    13 ||    14
  Use: Scroll            |       |     1 |    15 |    12 ||    28
       Potion            |       |     3 |     4 |    10 ||    17
 Stab: Sleeping          |     4 |    13 |    13 |     7 ||    37
       Distracted        |     1 |     1 |     2 |     2 ||     6
       Invisible         |       |     4 |       |     1 ||     5
       Confused          |       |       |       |     2 ||     2
Armor: Skin              |    10 |    44 |   123 |   146 ||   323
Dodge: Dodged            |    50 |   106 |   270 |   463 ||   889
Block: Buckler           |       |       |    20 |   194 ||   214
